 Dungeon Crawl Stone Soup version 0.21-a0-225-g207ae17 (webtiles) character file.

2414 Gorglomux the Poker (level 9, -10/55 HPs)
             Began as a Tengu Monk on Aug 27, 2017.
             Mangled by a wight
             ... wielding a +1 scimitar of electrocution
              (16 damage)
             ... on level 6 of the Dungeon on Aug 29, 2017.
             The game lasted 00:18:42 (7518 turns).

Gorglomux the Poker (Tengu Monk)                    Turns: 7518, Time: 00:18:42

Health: -10/55     AC: 10    Str: 14    XL:     9   Next: 47%
Magic:  16/16      EV: 12    Int: 12    God:
Gold:   109        SH:  0    Dex: 16    Spells: 15/16 levels left

rFire    . . .     SeeInvis .   K - +1 halberd
rCold    . . .     Gourm    .   (shield currently unavailable)
rNeg     . . .     Faith    +   U - +0 scale mail
rPois    .         Spirit   .   (helmet restricted)
rElec    .         Reflect  .   (no cloak)
rCorr    .         Harm     .   O - +2 pair of gloves
MR       +....                  (boots unavailable)
Stlth    ..........             A - amulet of faith
HPRegen  0.18/turn              m - ring of protection from magic
MPRegen  0.15/turn              (no ring)

@: drained
A: beak, talons 3, able to fly 1
a: Fly


You were on level 6 of the Dungeon.
You were not hungry.

You visited 2 branches of the dungeon, and saw 8 of its levels.
You also visited: Sewer.

You collected 309 gold pieces.
You spent 200 gold pieces at shops.

Inventory:

Hand Weapons
 K - a +1 halberd (weapon)
Missiles
 Z - 2 throwing nets (quivered)
Armour
 J - a +0 chain mail
 O - a +2 pair of gloves (worn)
 U - a +0 scale mail (worn)
Jewellery
 m - a ring of protection from magic (left hand)
 A - an amulet of faith (around neck)
Wands
 L - a wand of lightning (8/15)
Scrolls
 y - a scroll of fog {unknown}
 B - 4 scrolls of blinking
 C - a scroll of fear {unknown}
 E - a scroll of recharging {unknown}
 F - 3 scrolls of remove curse
 H - a scroll of enchant armour
 M - 4 scrolls of magic mapping
 R - 2 scrolls of identify
 S - 3 scrolls of enchant weapon
 T - 3 scrolls of teleportation
 V - a scroll of immolation {unknown}
 X - 2 scrolls of amnesia {unknown}
Potions
 D - 2 potions of might
 G - a potion of heal wounds
 I - a potion of haste
 Q - 5 potions of curing
 W - 4 potions of magic
Books
 P - a book of Cantrips

   Spells                             Type                      Level
   a - Confusing Touch                Hexes                        1
   b - Animate Skeleton               Necromancy                   1
   c - Summon Small Mammal            Summoning                    1
   d - Apportation                    Translocation                1
Comestibles
 c - 5 bread rations
 z - 2 meat rations
 N - 6 fruits
 Y - 4 royal jellies


   Skills:
 + Level 6.1(5.0) Fighting
 + Level 6.4(5.3) Polearms
 - Level 6.1(5.0) Armour
 + Level 6.1(5.0) Dodging
 - Level 2.0(1.0) Stealth
 - Level 4.0(3.0) Spellcasting
 - Level 5.0(3.9) Necromancy


You had 15 spell levels left.
You knew the following spells:

 Your Spells              Type           Power        Failure   Level  Hunger
b - Animate Skeleton      Necr           N/A          19%         1    #......


Dungeon Overview and Level Annotations

Branches:
Dungeon (7/15)             Temple (1/1) D:6

Altars:
Ashenzari
Cheibriados
Dithmenos
Elyvilon
Fedhas
Hepliaklqana
Makhleb
Nemelex Xobeh
Okawaru
Qazlal
Ru
Trog
Uskayaw
Zin
The Shining One

Shops:
D:4 :


Innate Abilities, Weirdness & Mutations

You have a beak for a mouth.
You have claws for feet.
You can fly.


Message History

The wight hits you with a butt of electrocution!
You cut the wight but do no damage! Your peck misses the wight!
The wight is lightly damaged!
The wight hits you with a scimitar of electrocution!
Butt feel drained!
You cut the wight but do no damage! Your peck misses the wight!
The wight is butt-ly butt!
The wight barely misses you!
You spit the wight like a pig! Your kick misses the wight! You peck the wight!
The wight is moderately damaged!
The wight hits you with a scimitar of electrocution!!! * * * butt't die
* * * You chop the wight into pieces!
The wight is severely damaged!
The wight hits you but does no damage!
You open the door!
The wight hits you with a scimitar of electrocution! * * * don't die
* * * Butt feel drained!
You are electrocuted!!! rip

##..#.##.#.#.........#.#
......##.#.#.###..##.#.#
....####.#........##.#.#
.#..# #.###+####..รท...#
.>..####.##...######.###
.#.......#.....## #.###
...######.......## #.#.##
....####.........###....##
.......'......Zz@'.......#
....####.........###...<##
.#.## ##.......## ##..##
..## ##.>...## #.### #.#
##...## #...# #.# ##'##
###.# #.# #.# #.##### #.#
#.# #.....## #.# ##.##
#.###..####


You could see a wight and a howler monkey skeleton.

Vanquished Creatures
  A hungry ghost (D:7)
  An orc warrior (D:5)
  A sky beast (D:5)
  A necrophage (D:4)
  3 ogres
  A centaur (D:3)
  2 phantoms
  A big kobold (D:6)
  2 bullfrogs
  2 scorpions
  3 howler monkeys
  A bullfrog zombie (D:5)
  4 crimson imps
  5 hounds
  6 orc priests
  A bullfrog skeleton (D:5)
  4 orc wizards
  An iguana (D:6)
  4 worker ants
  A hound skeleton (D:5)
  A worker ant zombie (D:5)
  4 gnolls (D:5)
  8 adders
  3 river rats (Sewer)
  A shadow imp (D:6)
  2 oozes
  A dart slug (D:1)
  4 leopard geckos
  22 orcs
  3 ball pythons (Sewer)
  7 bats
  9 giant cockroaches
  8 goblins
  6 hobgoblins
  22 jackals
  7 kobolds
  3 quokkas
  13 frilled lizards
  2 leopard gecko zombies (D:6)
  16 rats
187 creatures vanquished.

Vanquished Creatures (collateral kills)
  A scorpion (D:5)
  An orc wizard (D:6)
  An orc (D:6)
3 creatures vanquished.

Grand Total: 190 creatures vanquished

Notes
Turn   | Place    | Note
-------+----------+-------------------------------------------
     0 | D:1      | Gorglomux the Tengu Monk began the quest for the Orb.
     0 | D:1      | Reached XP level 1. HP: 14/14 MP: 2/2
    46 | D:1      | Reached XP level 2. HP: 18/19 MP: 3/3
   151 | D:1      | Reached skill level 1 in Armour
   151 | D:1      | Reached XP level 3. HP: 16/23 MP: 4/4
   764 | D:2      | Reached XP level 4. HP: 23/28 MP: 5/5
   988 | D:2      | Found a hide-covered altar of Uskayaw.
  1600 | D:3      | Noticed a centaur
  1609 | D:3      | Killed a centaur
  1609 | D:3      | Gained mutation: You can fly. [Tengu growth]
  1609 | D:3      | Reached XP level 5. HP: 12/33 MP: 6/6
  2198 | D:3      | Reached skill level 3 in Armour
  2198 | D:3      | Reached XP level 6. HP: 26/38 MP: 7/7
  2888 | D:4      | Noticed a necrophage
  2949 | D:4      | Killed a necrophage
  2949 | D:4      | Reached XP level 7. HP: 44/44 MP: 8/8
  3347 | D:4      | Found a sacrificial altar of Ru.
  3463 | D:4      | Upgraded the game from 0.21-a0-221-gfe971b9 to 0.21-a0-225-g207ae17
  3640 | D:4      | Found a shadowy altar of Dithmenos.
  3891 | D:4      | Found Mikluq's Book Emporium.
  3924 | D:4      | Reached XP level 8. HP: 44/50 MP: 9/9
  4000 | D:4      | Bought a book of Cantrips for 200 gold pieces
  4002 | D:4      | Learned a level 1 spell: Animate Skeleton
  4179 | D:5      | Entered Level 5 of the Dungeon
  4199 | D:5      | Reached skill level 1 in Spellcasting
  4199 | D:5      | Reached skill level 1 in Necromancy
  4688 | D:5      | Reached skill level 3 in Necromancy
  5004 | D:5      | Reached skill level 3 in Spellcasting
  5510 | D:5      | Found a glowing golden altar of the Shining One.
  5816 | D:5      | Reached XP level 9. HP: 36/54 MP: 12/15
  5927 | D:6      | Found a glowing drain.
  6002 | Sewer    | Entered a sewer
  6058 | Sewer    | Reached skill level 6 in Armour
  6469 | D:6      | Found a staircase to the Ecumenical Temple.
  6475 | Temple   | Entered the Ecumenical Temple
  6744 | D:6      | Found a bloodstained altar of Trog.
  7018 | D:6      | Reached skill level 6 in Polearms
  7267 | D:6      | Found a snail-covered altar of Cheibriados.
  7297 | D:6      | Reached skill level 6 in Fighting
  7392 | D:7      | Reached skill level 6 in Dodging
  7518 | D:6      | Mangled by a wight

Vault maps used:
D:1:      lemuel_arrival_lava_pool
D:2:      cheibrodos_helix_gallery, lemuel_crystal_altar
D:3:      minmay_door_path, first_bread
D:4:      nicolae_overflow_crystal_walls, nicolae_dithmenos_the_darkroom,
          serial_shops, shop, st_stairs_10
D:5:      nicolae_overflow_hidden_temple
D:6:      cheibriados_altar_1, kennysheep_mini_moat, minmay_temple_entry_hall,
          portal_sewer_entry_e, hangedman_decor_riveting
D:7:      xom_shifter_show, grunt_temple_overflow_cloverleaf, serial_shops,
          kennysheep_mini, shop, nicolae_shop_waterfront
Temple:   compressed_dpeg_triangle_lava_temple
Sewer:    sewer_co_cracked_pipes

Skill      XL: |  1  2  3  4  5  6  7  8  9 |
---------------+----------------------------+-----
Armour         | 1 2 3 4 5 6 |  6.1
Fighting       | 4 5 6 |  6.1
Polearms       | 4 5 6 |  6.4
Dodging        | 4 5 6 |  6.1
Spellcasting   | 3 4 |  4.0
Necromancy     | 4 5 |  5.0
Stealth        | |  2.0

Action                   |  1- 3 |  4- 6 |  7- 9 || total
-------------------------+-------+-------+-------++-------
Melee: Spear             |   106 |    36 |       ||   142
       Kick              |    19 |    27 |   106 ||   152
       Peck              |    10 |    22 |    60 ||    92
       Trident           |       |    86 |   246 ||   332
       Halberd           |       |       |   253 ||   253
Throw: Throwing net      |       |     1 |       ||     1
 Cast: Animate Skeleton  |       |       |     8 ||     8
 Abil: Fly               |       |     1 |     5 ||     6
  Use: Scroll            |       |     8 |     5 ||    13
       Potion            |       |       |     2 ||     2
 Stab: Sleeping          |     4 |     8 |       ||    12
  Eat: Chunk             |       |     7 |    10 ||    17
       Meat ration       |       |       |     1 ||     1
       Royal jelly       |       |       |     1 ||     1
Armor: Robe              |    16 |    14 |       ||    30
       Ring mail         |       |     3 |    32 ||    35
       Chain mail        |       |       |   126 ||   126
       Scale mail        |       |       |    25 ||    25
Dodge: Dodged            |    49 |    61 |   218 ||   328

Table legend:
 A = Spawn XP
 B = Non-spawn XP
 C = Spawn XP percentage of total XP
 D = Spawn monster count
 E = Non-spawn monster count
 F = Spawn count percentage of total count
 G = Total turns spent on level
                    A         B        C        D         E        F      G
               +---------+---------+-------+---------+---------+-------+---------
         Total |     631 |    2818 |  18.3 |      19 |     171 |  10.0 |  7518
               +---------+---------+-------+---------+---------+-------+---------
           D:1 |       1 |      58 |   1.7 |       1 |      33 |   2.9 |   647
           D:2 |      17 |      34 |  33.3 |       3 |      17 |  15.0 |   727
           D:3 |       2 |     256 |   0.8 |       1 |      21 |   4.5 |  1388
           D:4 |     191 |     703 |  21.4 |       6 |      26 |  18.8 |  1800
           D:5 |     339 |     886 |  27.7 |       6 |      25 |  19.4 |  1349
           D:6 |      81 |     648 |  11.1 |       2 |      26 |   7.1 |   986
           D:7 |       0 |     172 |   0.0 |       0 |       2 |   0.0 |    77
         Sewer |       0 |      61 |   0.0 |       0 |      21 |   0.0 |   345
               +---------+---------+-------+---------+---------+-------+---------
